 Dungeon Crawl Stone Soup version 0.29.1-12-g30fa7ad0bf (webtiles) character file.

Game seed: 10309696823488954071

2 hawla the Firebug (level 1, -1/14 HPs)
             Began as a Meteoran Fire Elementalist on Jan 14, 2023.
             Killed by divine providence
             ... invoked by an orc priest
              (15 damage)
             ... on level 4 of the Dungeon.
             The game lasted 00:01:27 (296 turns).

hawla the Firebug (Meteoran Fire Elementalist)       Turns: 296, Time: 00:01:28

Health: -1/14      AC:  2    Str:  9    XL:     1   Next: 42%
Magic:  1/5        EV: 12    Int: 16    God:
Gold:   21         SH:  0    Dex: 14    Spells: 4/5 levels left

rFire   . . .      SeeInvis .   (no weapon)
rCold   . . .      Faith    .   (no shield)
rNeg    . . .      Spirit   .   a - +0 robe
rPois   .          Reflect  .   (no helmet)
rElec   .          Harm     .   (no cloak)
rCorr   .          Rampage  .   (no gloves)
Will    .....                   (no boots)
Stlth   +.........              (no amulet)
HPRegen 0.04/turn               (no ring)
MPRegen 0.09/turn               (no ring)

@: glowing
A: sense surroundings 1, otherworldly, glowing, explore regen
a: no special abilities


You were on level 4 of the Dungeon.
You visited 1 branch of the dungeon, and saw 4 of its levels.

You collected 21 gold pieces.

Inventory:

Armour
 a - a +0 robe (worn)
Wands
 h - a wand of digging (5)
Scrolls
 c - a scroll of enchant weapon {unknown}
 d - 2 scrolls of fear {unknown}
 f - a scroll of vulnerability {unknown}
 g - a scroll of enchant armour {unknown}
 i - a scroll of poison {unknown}
Potions
 b - a potion of magic
 e - a potion of heal wounds {unknown}
 j - a potion of cancellation {unknown}


   Skills:
 - Level 2.4 Dodging
 - Level 1.4 Stealth
 - Level 2.8 Spellcasting
 - Level 1.2 Conjurations
 - Level 3.6 Fire Magic
 + Level 0.2 Evocations


You had 4 spell levels left.
You knew the following spells:

 Your Spells              Type           Power      Damage    Failure   Level
a - Foxfire               Conj/Fire      40%        2x1d6     7%          1

Your spell library contained the following spells:

 Spells                   Type           Power      Damage    Failure   Level
 Scorch                   Fire           26%        2d6       6%          2
 Conjure Flame            Conj/Fire      10%        6-21      22%         3
 Inner Flame              Hex/Fire       8%         N/A       26%         3
 Flame Wave               Conj/Fire      10%        2d6       56%         4


Dungeon Overview and Level Annotations

Branches:
Dungeon (4/15) Zot: 2103
 Temple: D:4-7

Altars:


Innate Abilities, Weirdness & Mutations

You passively map a small area around you.
You are easily found by Zot.
You glow in the dark.
You regain HP and MP as you explore.


Message History

Found a ruby potion.
Magic restored.
j - a ruby potion An orc priest comes into view.
It is wielding a +0 club.
Casting: Foxfire (safe; 7% risk of failure)
Confirm with . or Enter, or press ? or * to list all spells.
You conjure some foxfire!
The foxfire hits the orc priest but does no damage.
The orc priest looks satisfied for a moment.
Casting: Foxfire (safe; 7% risk of failure)
Confirm with . or Enter, or press ? or * to list all spells.
You conjure some foxfire!
The foxfire hits the orc priest.
The orc priest is lightly wounded.
The foxfire hits the orc priest.
The orc priest is heavily wounded.
The foxfire hits the orc priest but does no damage.
The orc priest is heavily wounded.
Casting: Foxfire (safe; 7% risk of failure)
Confirm with . or Enter, or press ? or * to list all spells.
You conjure some foxfire!
The orc priest looks encouraged for a moment.
The foxfire hits the orc priest but does no damage.
The orc priest is heavily wounded.
The foxfire hits the orc priest but does no damage.
The orc priest is heavily wounded.
Casting: Foxfire (safe; 7% risk of failure)
Confirm with . or Enter, or press ? or * to list all spells.
You conjure some foxfire!
The foxfire hits the orc priest.
The orc priest is severely wounded.
You hit the orc priest but do no damage.
The orc priest is severely wounded.
The foxfire hits the orc priest but does no damage.
The orc priest is severely wounded.
The orc priest hits you but does no damage.
The orc priest attacks as you move away!
The orc priest misses you.
The orc priest calls down the wrath of Beogh upon you.
Beogh smites you!
Ouch! That really hurt!
You die...

, ..## ...#
* #..#* *
*..## , *
### ... * ,
##.###.# *
,
####...##o#
+......@..#
####...####
,, ##.## *
#.# * * #.#
#.# , #.# *
#.# *


You could see an orc priest.

Vanquished Creatures
  A giant cockroach (D:2)
  A frilled lizard (D:3)
2 creatures vanquished.

Vanquished Creatures (others)
  12 foxfires
12 creatures vanquished.

Grand Total: 14 creatures vanquished

Notes
Turn   | Place    | Note
-------+----------+-------------------------------------------
     0 | D:1      | hawla the Meteoran Fire Elementalist began the quest for
                  | the Orb.
     0 | D:1      | Reached XP level 1. HP: 14/14 MP: 5/5
   286 | D:4      | Noticed an orc priest
   296 | D:4      | Killed from afar by an orc priest

Illustrated notes

Levels and vault maps discovered:
D:1:      dpeg_arrival_round_a, layout_basic
D:2:      layout_loops_ring, hellmonk_ecumenical_altar_leap_of_faith,
          basic_altar
D:3:      layout_rooms, grunt_ministairs_6, uniq_terence
D:4:      layout_loops_corners, worldfamousw_hep_ancestral_shrine,
          mainiacjoe_overflow_small_starburst, serial_park_tiny_pond

Action                   || total
-------------------------++-------
Melee: Unarmed           ||     4
 Cast: Foxfire           ||     7
Armor: Robe              ||     2
Dodge: Dodged            ||     4
